 Dungeon Crawl Stone Soup version 0.30-a0-297-g0ec75d9ef4 (webtiles) character file.

Game seed: 10220649906482478012

14255 chippings the Spear-Bearer (level 12, 0/81 HPs)
             Began as a Merfolk Gladiator on Oct 18, 2022.
             Was a Priest of Sif Muna.
             Slain by Fannar
             ... wielding a staff of cold
              (6 damage)
             ... on level 2 of the Lair of Beasts.
             The game lasted 00:37:43 (12047 turns).

chippings the Spear-Bearer (Merfolk Gladiator)     Turns: 12047, Time: 00:37:43

Health: 0/81       AC:  9    Str: 16    XL:     12   Next: 14%
Magic:  17/17      EV: 15    Int:  9    God:    Sif Muna [***...]
Gold:   546        SH:  0    Dex: 17    Spells: 10/18 levels left

rFire   . . .      SeeInvis .    z - +5 scythe (vorpal)
rCold   . . .      Faith    .    (shield currently unavailable)
rNeg    . . .      Spirit   .    P - +0 troll leather armour
rPois   .          Reflect  .    H - +0 helmet
rElec   .          Harm     .    C - +2 cloak
rCorr   .          Rampage  .    (no gloves)
Will    +....                    B - +0 pair of boots
Stlth   ++........               r - amulet of the acrobat
HPRegen 1.13/turn                g - ring of willpower
MPRegen 0.15/turn                o - ring of wizardry

@: no status effects
A: (nimble swimmer 2), mertail
a: Renounce Religion, Channel Magic, Forget Spell


You were on level 2 of the Lair of Beasts.
You worshipped Sif Muna.
Sif Muna was most pleased with you.
You visited 2 branches of the dungeon, and saw 12 of its levels.

You collected 672 gold pieces.
You spent 126 gold pieces at shops.

Inventory:

Hand Weapons
 z - a +5 vorpal scythe (weapon)
Missiles
 d - 4 throwing nets
 e - a javelin
 j - 12 atropa-tipped darts (quivered)
 s - 11 poisoned darts
 A - 2 curare-tipped darts
 L - 6 datura-tipped darts
Armour
 B - a +0 pair of boots (worn)
 C - a +2 cloak (worn)
 G - a +0 kite shield
 H - a +0 helmet (worn)
 M - a +0 ring mail of willpower
 P - a +0 troll leather armour (worn)
Jewellery
 f - a ring of positive energy
 g - a ring of willpower (left hand)
 m - the ring "Ontosog" {rN+ rCorr Dex+3}
   (You found it on level 9 of the Dungeon)

   [ring of positive energy]

   Dex:       It affects your dexterity (+3).
   rN:        It protects you from negative energy.
   rCorr:     It protects you from acid and corrosion.
 o - a ring of wizardry (right hand)
 p - a ring of willpower
 r - an amulet of the acrobat (around neck)
Wands
 a - a wand of light (4)
 i - a wand of flame (1)
 k - a wand of polymorph (3)
Scrolls
 b - 4 scrolls of teleportation
 l - a scroll of noise
 x - a scroll of fear
 y - 2 scrolls of vulnerability
 E - a scroll of poison
 I - a scroll of enchant weapon
 K - a scroll of summoning
Potions
 c - 2 potions of haste
 h - a potion of mutation
 q - 2 potions of berserk rage
 t - 2 potions of attraction
 u - 2 potions of might
 w - a potion of magic
 D - a potion of ambrosia
 F - 2 potions of curing
 J - a potion of lignification


   Skills:
 - Level 3.0 Fighting
 + Level 14.4 Polearms
 + Level 4.1 Throwing
 + Level 6.8 Dodging
 + Level 3.1 Stealth
 + Level 3.7 Spellcasting
 + Level 9.7 Hexes
 + Level 11.9 Transmutations
 - Level 4.0 Invocations
 + Level 1.3 Evocations


You had 10 spell levels left.
You knew the following spells:

 Your Spells              Type           Power      Damage    Failure   Level
a - Tukima's Dance        Hex            19%        N/A       1%          3
b - Yara's Violent Unrav  Hex/Tmut       10%        3d6       4%          5

Your spell library contained the following spells:

 Spells                   Type           Power      Damage    Failure   Level
 Beastly Appendage        Tmut           46%        N/A       1%          1
 Passwall                 Tmut/Erth      10%        N/A       1%          2
 Wereblood                Tmut           23%        N/A       1%          2
 Blade Hands              Tmut           11%        N/A       2%          5
 Spider Form              Tmut/Pois      12%        N/A       3%          3
 Portal Projectile        Hex/Tloc       20%        N/A       6%          3
 Ignite Poison            Fire/Tmut/Pois 8%         N/A       9%          3
 Freeze                   Ice            4%         1d3       14%         1
 Sandblast                Erth           2%         2d4       14%         1
 Leda's Liquefaction      Hex/Erth       5%         N/A       19%         4
 Call Canine Familiar     Summ           1%         N/A       38%         3
 Frozen Ramparts          Ice            2%         1d1       38%         3
 Hailstorm                Conj/Ice       1%         3d3       38%         3
 Stone Arrow              Conj/Erth      2%         3d7       38%         3
 Animate Dead             Necr           1%         N/A       77%         4
 Passage of Golubria      Tloc           1%         N/A       77%         4
 Sticky Flame             Conj/Fire      1%         2d3       77%         4
 Statue Form              Tmut/Erth      8%         N/A       85%         6
 Lee's Rapid Deconstruct  Erth           0%         3d4*      97%         5
 Haunt                    Necr/Summ      0%         N/A       100%        7
 Ignition                 Fire           0%         3d3       100%        8
 Infestation              Necr           0%         N/A       100%        8


Dungeon Overview and Level Annotations

Branches:
Dungeon (10/15)            Temple (0/1) D:7            Lair (2/5) D:8
  Swamp: Lair:2-3    Shoals: Lair:2-3     Snake: Lair:2-3    Spider: Lair:2-3
    Orc: D:9-12

Altars:
Cheibriados
Dithmenos
Fedhas
Nemelex Xobeh
Okawaru
Ru
Sif Muna
Zin

Shops:
D:4 [   D:6 *

Annotations:
D:8 Amaemon
D:10 2 transporters, AmazingPX's ghost, novice MiBe
Lair:2 Fannar


Innate Abilities, Weirdness & Mutations

((You are very nimble when in or above water. (Stealth+, EV+, Speed+++)))
Your lower body shifts to a powerful aquatic tail in water.


Message History

You hit Fannar.
Fannar is lightly wounded.
Fannar hits you with a staff of cold! Fannar freezes you.
You hit Fannar.
Fannar is moderately wounded.
You completely miss Fannar.
Fannar is moderately wounded.
Fannar barely misses you.
You closely miss Fannar.
Fannar is moderately wounded.
Fannar mumbles some strange words.
You hit Fannar but do no damage.
Fannar is lightly wounded.
Fannar hits you but does no damage.
You miss Fannar.
Fannar is lightly wounded.
The ice beast hits you but does no damage.
Fannar hits you with a staff of cold! Fannar freezes you!
You slice Fannar!!
Fannar is heavily wounded.
The ice beast closely misses you.
You hit Fannar.
Fannar is severely wounded.
Fannar hits you with a staff of cold. Fannar freezes you!
The ice beast hits you but does no damage.
You barely miss Fannar.
Fannar is severely wounded.
Fannar hits you with a staff of cold.
* * * LOW HITPOINT WARNING * * *
Fannar freezes you.
* * * LOW HITPOINT WARNING * * *
You closely miss Fannar.
Fannar is severely wounded.
The ice beast hits you.
* * * LOW HITPOINT WARNING * * *
The ice beast freezes you!
* * * LOW HITPOINT WARNING * * *
Fannar gestures wildly while chanting.
Fannar drains the heat from the surrounding environment!
You die...

#........#..P....
+.....!..'.#
##........P##
#...<.....##
##.......<.#
###....####
#.#.#...#
##....!.##
.......@#
#.....Ye#
##......#
#......#
#...<...#
##......#
#....... #.......


You could see Fannar and an ice beast (summoned).

Vanquished Creatures
  An ugly thing (D:9)
  A black mamba (Lair:1)
  A torpor snail (Lair:1)
  3 komodo dragons
  3 cane toads (Lair:1)
  2 trolls (D:8)
  5 blink frogs (Lair:1)
  A hornet (D:8)
  Sigmund (D:3)
  A wraith (D:10)
  32 yaks
  2 basilisks (Lair:1)
  6 water moccasins
  2 orc warriors (D:8)
  An ice beast (D:7)
  2 black bears
  2 ogres
  3 sky beasts (D:7)
  5 centaurs
  A phantom (D:6)
  2 kobold brigands (D:9)
  2 gnoll sergeants
  5 bullfrogs
  2 necrophages
  3 scorpions
  5 wights (D:8)
  7 killer bees
  2 electric eels (Lair:1)
  3 howler monkeys (D:7)
  A jelly (D:5)
  10 hounds
  2 orc priests
  4 iguanas
  Natasha (thrice) (D:3)
  10 orc wizards
  Robin (D:3)
  10 adders
  10 gnolls
  A shadow imp (D:5)
  2 white imps (D:6)
  An ufetubus (D:4)
  2 worms
  2 dart slugs (D:2)
  25 orcs
  An endoplasm (D:2)
  5 giant cockroaches
  13 goblins
  7 hobgoblins
  2 jackals (D:2)
  16 kobolds
  2 quokkas
  4 ball pythons
  4 bats
  3 rats
247 creatures vanquished.

Vanquished Creatures (collateral kills)
  An ogre (D:5)
  A centaur (D:5)
  2 orcs
4 creatures vanquished.

Vanquished Creatures (others)
  4 dancing weapons
  16 fungi
  9 plants
29 creatures vanquished.

Grand Total: 280 creatures vanquished

Notes
Turn   | Place    | Note
-------+----------+-------------------------------------------
     0 | D:1      | chippings the Merfolk Gladiator began the quest for the
                  | Orb.
     0 | D:1      | Reached XP level 1. HP: 16/16 MP: 1/1
   624 | D:1      | Reached XP level 2. HP: 23/23 MP: 2/2
  1006 | D:2      | Reached XP level 3. HP: 22/28 MP: 3/3
  1438 | D:2      | Reached XP level 4. HP: 12/35 MP: 4/4
  1709 | D:2      | Learned a level 3 spell: Tukima's Dance
  2046 | D:3      | Noticed Sigmund
  2047 | D:3      | Noticed Natasha
  2299 | D:3      | Noticed Robin
  2300 | D:3      | Reached skill level 5 in Dodging
  2310 | D:3      | Reached skill level 5 in Polearms
  2423 | D:3      | Killed Natasha
  2424 | D:3      | Reached skill level 1 in Hexes
  2424 | D:3      | Reached XP level 5. HP: 39/41 MP: 5/5
  2455 | D:3      | Noticed Natasha
  2460 | D:3      | Killed Natasha
  2648 | D:3      | Killed Robin
  2763 | D:3      | Noticed Natasha
  2768 | D:3      | Killed Natasha
  3084 | D:3      | Reached XP level 6. HP: 43/47 MP: 6/6
  3145 | D:4      | HP: 2/47 [ogre/+0 giant club (29)]
  3150 | D:4      | Reached skill level 6 in Polearms
  3612 | D:4      | Reached XP level 7. HP: 45/52 MP: 7/7
  3671 | D:4      | Found Seshrouma's Armour Emporium.
  3678 | D:4      | Bought a +1 cloak for 126 gold pieces
  3814 | D:5      | Entered Level 5 of the Dungeon
  4000 | D:5      | Reached skill level 5 in Hexes
  4218 | D:5      | Reached XP level 8. HP: 54/58 MP: 8/8
  4578 | D:5      | Reached skill level 7 in Polearms
  5178 | D:3      | Found a shimmering blue altar of Sif Muna.
  5181 | D:3      | Became a worshipper of Sif Muna the Loreminder
  5331 | D:3      | Killed Sigmund
  5332 | D:3      | Reached skill level 8 in Polearms
  5547 | D:6      | Reached skill level 1 in Transmutations
  5555 | D:6      | Reached XP level 9. HP: 58/63 MP: 9/9
  5572 | D:6      | Found Zin's Purification Station.
  5575 | D:6      | Found a glowing silver altar of Zin.
  5803 | D:6      | Found an iron altar of Okawaru.
  5812 | D:6      | Reached skill level 9 in Polearms
  6542 | D:6      | Reached * piety under Sif Muna
  6543 | D:6      | Reached skill level 10 in Polearms
  6543 | D:6      | Reached skill level 5 in Transmutations
  6741 | D:6      | Found a sparkling altar of Nemelex Xobeh.
  7034 | D:7      | Found a staircase to the Ecumenical Temple.
  7144 | D:7      | Learned a level 5 spell: Yara's Violent Unravelling
  7188 | D:7      | Found a snail-covered altar of Cheibriados.
  7474 | D:7      | Reached skill level 11 in Polearms
  7794 | D:8      | Noticed a hornet
  7801 | D:8      | Killed a hornet
  7802 | D:8      | Reached XP level 10. HP: 55/70 MP: 10/10
  7882 | D:8      | Found a blossoming altar of Fedhas.
  8012 | D:8      | Reached skill level 12 in Polearms
  8040 | D:8      | Reached ** piety under Sif Muna
  8290 | D:8      | Found a staircase to the Lair.
  8511 | D:8      | Found a shadowy altar of Dithmenos.
  8626 | D:8      | Noticed Amaemon
  8627 | D:8      | Noticed an orange demon
  8834 | D:9      | Found a sacrificial altar of Ru.
  8985 | D:9      | Identified the ring "Ontosog" {rN+ rCorr Dex+3}
  9179 | D:9      | Noticed a purple ugly thing
  9201 | D:9      | Killed a purple ugly thing
  9202 | D:9      | Reached skill level 13 in Polearms
  9202 | D:9      | Reached skill level 10 in Transmutations
  9879 | D:10     | Entered Level 10 of the Dungeon
  9931 | D:10     | Reached XP level 11. HP: 46/75 MP: 11/11
  9946 | D:10     | Reached skill level 1 in Invocations
  9960 | D:10     | Reached skill level 1 in Spellcasting
 10309 | D:10     | Noticed AmazingPX's ghost (novice MiBe)
 10326 | D:10     | Found a transporter.
 10330 | D:10     | Found a transporter.
 10394 | D:10     | Identified the +1 dagger "Bobot" {drain, *Corrode Str+3
                  | Int+6}
 10648 | Lair:1   | Entered Level 1 of the Lair of Beasts
 10765 | Lair:1   | Reached *** piety under Sif Muna
 10840 | Lair:1   | Reached skill level 14 in Polearms
 11029 | D:8      | Reached skill level 1 in Stealth
 11571 | Lair:1   | Reached XP level 12. HP: 50/81 MP: 17/17
 11717 | Lair:1   | Reached skill level 1 in Evocations
 12030 | Lair:2   | Noticed Fannar
 12047 | Lair:2   | Slain by Fannar

Illustrated notes

Levels and vault maps discovered:
D:1:      lightli_arrival_flooded_house, layout_loops_corners,
          minmay_strange_pillars, corner_web_ring,
          nicolae_concentric_dashed_squares_wild, kennysheep_small_spiral
D:2:      layout_loops_ring, kennysheep_generic_room_15
D:3:      layout_rooms, lemuel_blue_sif_altar, grunt_ministairs_1,
          chequers_mini_garden, uniq_sigmund, uniq_robin, uniq_natasha
D:4:      layout_loops_ring, serial_shops, kennysheep_little_box, st_stairs_1,
          minmay_fractal_squares_5
D:5:      layout_cave_pods, chequers_serial_rivers_micro_a
D:6:      hellmonk_crumbling_castle, layout_basic, okawaru_trees_2,
          nemelex_diamond_rough_becter, zin_purify
D:7:      layout_basic, mainiacjoe_overflow_concentric_impassable,
          minmay_temple_entry_glass
D:8:      layout_cave_pods, fedhas_altar_1, grunt_dithmenos_smoke_and_mirrors,
          grunt_lair_entry_orc_guard_hut, uniq_amaemon
D:9:      layout_grid_maze, nicolae_ru_awakened_eye
D:10:     layout_cave_pods, gammafunk_ghost_hive, roderic_roman_lattice
Lair:1:   layout_gridlike, serial_bayou_shore_b
Lair:2:   layout_roguey, uniq_fannar

Skill      XL: |  1  2  3  4  5  6  7  8  9 10 11 12 |
---------------+-------------------------------------+-----
Fighting       | 3 |  3.0
Throwing       | 3 4 |  4.1
Dodging        | 5 6 |  6.8
Polearms       | 5 6 8 11 13 14 | 14.4
Hexes          | 1 2 3 6 8 9 |  9.7
Transmutations | 1 7 10 11 | 11.9
Invocations    | 4 |  4.0
Spellcasting   | 3 |  3.7
Stealth        | 2 3 |  3.1
Evocations     | 1 |  1.3

Action                   |  1- 3 |  4- 6 |  7- 9 | 10-12 || total
-------------------------+-------+-------+-------+-------++-------
Melee: Trident           |    81 |   189 |   175 |       ||   445
       Punch             |     1 |       |     2 |       ||     3
       Halberd           |       |       |   215 |   526 ||   741
       Tailslap          |       |       |       |     2 ||     2
Throw: Dart              |       |       |     4 |     3 ||     7
 Cast: Tukima's Dance    |       |       |    12 |     8 ||    20
       Yara's Violent Un |       |       |       |     2 ||     2
Evoke: Wand              |       |       |     2 |     6 ||     8
  Use: Scroll            |     3 |     8 |     5 |    16 ||    32
       Potion            |       |     2 |       |     6 ||     8
 Stab: Invisible         |       |       |     2 |     1 ||     3
       Distracted        |       |       |     1 |       ||     1
       Sleeping          |       |       |       |     2 ||     2
Armor: Leather armour    |     3 |       |       |       ||     3
       Ring mail         |    16 |    61 |   148 |     7 ||   232
       Troll leather arm |       |       |       |   100 ||   100
Dodge: Dodged            |    59 |   125 |   278 |   347 ||   809

Table legend: (Time is in decaauts)
 A = Elapsed time spent in this place.
 B = Non-inter-level travel time spent in this place.
 C = Inter-level travel time spent in this place.
 D = Time resting spent in this place.
 E = Time spent auto-exploring this place.
 F = Levels seen in this place.
 G = Mean time per level.
                   A        B        C        D        E       F      G
               +--------+--------+--------+--------+--------+-----+--------+
         Total |  11995 |  11622 |    373 |    949 |   6694 |  12 |  999.6 |
       Dungeon |  10885 |  10558 |    327 |    915 |   6134 |  10 | 1088.5 |
          Lair |   1109 |   1064 |     45 |     34 |    559 |   2 |  554.5 |
               +--------+--------+--------+--------+--------+-----+--------+

Top non-repeatable levels by time:
     D:6: 1523 daAuts
     D:8: 1395 daAuts
     D:3: 1193 daAuts
     D:2: 1138 daAuts
     D:5: 1080 daAuts
  Lair:1: 1072 daAuts
     D:9: 1066 daAuts
     D:1: 1027 daAuts
     D:4: 979 daAuts
     D:7: 850 daAuts
    D:10: 633 daAuts
  Lair:2: 37 daAuts
